 Dungeon Crawl Stone Soup version 0.28-a0-724-g66f9036eb4 (webtiles) character file.

Game seed: 3809692808734209828

0 meatgazer the Skirmisher (level 1, -4/17 (18) HPs)
             Began as a Demonspawn Abyssal Knight on Oct 26, 2021.
             Was a Follower of Lugonu.
             Slain by a lich (7 damage)
             ... on level 3 of the Abyss.
             The game lasted 00:00:24 (41 turns).

meatgazer the Skirmisher (Demonspawn Abyssal Knight)  Turns: 41, Time: 00:00:25

HP:   -4/17 (18)    AC:  3    Str: 13    XL:     1   Next: 0%
MP:   2/2           EV: 11    Int: 11    God:    Lugonu [*.....]
Gold: 0             SH:  0    Dex: 13    Spells: 0/0 levels left

rFire   . . .      SeeInvis .   a - +1 falchion
rCold   . . .      Faith    .   (no shield)
rNeg    . . .      Spirit   .   b - +0 leather armour
rPois   .          Reflect  .   (no helmet)
rElec   .          Harm     .   (no cloak)
rCorr   .          Rampage  .   (no gloves)
Will    .....                   (no boots)
Stlth   +.........              (no amulet)
HPRegen 0.05/turn               (no ring)
MPRegen 0.08/turn               (no ring)

@: slowed, drained, very slow
A: no striking features
a: Renounce Religion, Depart the Abyss


You were on level 3 of the Abyss.
You worshipped Lugonu.
Lugonu was aware of your devotion.
You visited 0 branches of the dungeon, and saw 0 of its levels.
You visited the Abyss 1 time.

Inventory:

Hand Weapons
 a - a +1 falchion (weapon)
Armour
 b - a +0 leather armour (worn)


   Skills:
 + Level 3.0 Fighting
 + Level 1.7 Long Blades
 + Level 1.7 Armour
 + Level 0.8 Dodging
 + Level 2.4 Invocations


You couldn't memorise any spells.
You didn't know any spells.
Your spell library was empty.

Dungeon Overview and Level Annotations

Branches:
Dungeon (0/15)

Altars:


Message History

Welcome, meatgazer the Demonspawn Abyssal Knight.
The heart of this dungeon contains the fabled artefact, the Orb of Zot.
Lugonu says: Depart the Abyss and spread corruption, my servant! (use the ability menu to exit the Abyss) Press ? for a list of commands and other information.
Found 19 stones.
Found a corrupted altar of Lugonu.
Found a gateway leading deeper into the Abyss.
There is a gateway leading deeper into the Abyss here.
You plunge deeper into the Abyss.
Found a gateway leading deeper into the Abyss.
There is a gateway leading deeper into the Abyss here.
You plunge deeper into the Abyss.
The abyssal rune of Zot can be found at this depth.
Found 18 bolts.
A ynoxinul bursts from nowhere.
The ynoxinul bellows!
A tentacled starspawn comes into view.
Tentacles burst from the starspawn's body! 2 starspawn tentacles come into view.
A tentacle flies out from the starspawn's body!
A starspawn tentacle comes into view.
A lich comes into view.
The lich shouts!
The lich mumbles some strange words.
The lich seems to speed up.
The starspawn tentacle misses you.
The lich gestures wildly while chanting.
The lich flickers and vanishes!
Deactivating autopickup; reactivate with Ctrl-A.
You hear some strange, mumbled words.
You feel yourself slow down. The starspawn tentacle grabs you.
The starspawn tentacle constricts you.
You escape the starspawn tentacle's grasp.
Something touches you!
You feel drained. Something touches you.
* * * LOW HITPOINT WARNING * * *
The starspawn tentacle closely misses you.
A starspawn tentacle comes into view.
Unknown command.
You hit something but do no damage. Something touches you!
You die...

.# #.# .# ....#.#
#### ..#..#.#.
.....#. #.#.. .#
## # #..{##..# #.#
#.##.@...# ##
#.##...ww.#....#
#..#..##.│#.\.#
..# #
#......X###># # #
###...<### ...
#.##....#..#.###..
#...3.#.....# .
#......#..###
#####..#.# ##


You could see a tentacled starspawn, a ynoxinul and 2 starspawn tentacles.

Vanquished Creatures (others)
  2 starspawn tentacles (Abyss:3)
2 creatures vanquished.

Notes
Turn   | Place    | Note
-------+----------+-------------------------------------------
     0 | Abyss:1  | meatgazer the Demonspawn Abyssal Knight began the quest for
                  | the Orb.
     0 | Abyss:1  | Reached XP level 1. HP: 18/18 MP: 2/2
    11 | Abyss:3  | Noticed a ynoxinul
    24 | Abyss:3  | Noticed a tentacled starspawn
    37 | Abyss:3  | Noticed a lich
    41 | Abyss:3  | Slain by a lich

Illustrated notes

Levels and vault maps discovered:
Abyss:3:  base: Temple, base:
Temple

Action                   || total
-------------------------++-------
Melee: Falchion          ||     1
Dodge: Dodged            ||     2

Table legend: (Time is in decaauts)
 A = Elapsed time spent in this place.
 B = Non-inter-level travel time spent in this place.
 C = Inter-level travel time spent in this place.
 D = Time resting spent in this place.
 E = Time spent auto-exploring this place.
 F = Levels seen in this place.
 G = Mean time per level.
                   A        B        C        D        E       F      G
               +--------+--------+--------+--------+--------+-----+--------+
         Total |     41 |     41 |      0 |      0 |      3 |   3 |   13.7 |
         Abyss |     41 |     41 |      0 |      0 |      3 |   3 |   13.7 |
               +--------+--------+--------+--------+--------+-----+--------+

Top non-repeatable levels by time:
 Abyss:3: 34 daAuts
 Abyss:1: 4 daAuts
 Abyss:2: 2 daAuts
